 Dungeon Crawl Stone Soup version 0.17-a0-1181-gabc46e6 (webtiles) character file.

140 Lektor the Ruffian (level 5, -1/50 HPs)
             Began as a Troll Chaos Knight on May 31, 2015.
             Slain by a goblin
             ... wielding a +2 dagger of speed
              (6 damage)
             ... on level 3 of the Dungeon.
             The game lasted 00:05:26 (1676 turns).

Lektor the Ruffian (Troll Chaos Knight)             Turns: 1676, Time: 00:05:26

Health: -1/50      AC:  8    Str: 20    XL:     5   Next: 2%
Magic:  0/4        EV: 10    Int:  8    God:    Xom [..*...]
Gold:   184        SH:  0    Dex: 10    Spells: 0 memorised, 4 levels left

rFire  . . .     SeeInvis .       - Unarmed
rCold  . . .     Clarity  .     a - +2 robe
rNeg   . . .     SustAt   .     (no shield)
rPois  .         Gourm    +     (helmet restricted)
rElec  .         Spirit   +     j - +0 cloak
rCorr  .         Warding  .     (gloves unavailable)
rMut   .         Stasis   .     (boots unavailable)
MR     .....                    w - amulet of guardian spirit
Stlth  +.........               (no ring)
                                f - ring of flight

@: not resistant to hostile enchantments, very unstealthy
A: unfitting armour, claws 3, fast metabolism 3, gourmand, regeneration 2,
shaggy fur 1, tough skin 2
a: Renounce Religion, Evoke Flight


You were on level 3 of the Dungeon.
You worshipped Xom.
You were a toy of Xom.
You were not hungry.

You visited 1 branch of the dungeon, and saw 3 of its levels.

You collected 184 gold pieces.

Inventory:

Missiles
 k - 51 stones (quivered)
 p - 21 bolts
 q - 18 poisoned needles
Armour
 a - a +2 robe (worn)
 j - a +0 cloak (worn)
Jewellery
 f - a ring of flight (left claw)
 w - an amulet of guardian spirit (around neck)
Scrolls
 d - 4 scrolls of teleportation {unknown}
 e - a scroll of enchant armour {unknown}
 h - a scroll of amnesia {unknown}
 i - 2 scrolls of remove curse {unknown}
 l - a scroll of enchant weapon {unknown}
 m - a scroll of immolation {unknown}
 u - a scroll of identify {unknown}
Potions
 c - a potion of lignification {unknown}
 g - 2 potions of degeneration {unknown}
 n - a potion of heal wounds {unknown}
 o - 2 potions of magic {unknown}
 s - a potion of curing {unknown}
 v - a potion of poison {unknown}
Comestibles
 b - 2 bread rations
 r - 2 meat rations


   Skills:
 - Level 2.5 Fighting
 - Level 2.0 Dodging
 + Level 5.6 Unarmed Combat


You had 4 spell levels left.
You didn't know any spells.

Dungeon Overview and Level Annotations

Branches:
Dungeon (3/15)

Altars:
Xom


Innate Abilities, Weirdness & Mutations

You are too large for most types of armour.
You have claws for hands.
Your metabolism is lightning-fast.
You like to eat raw meat.
You heal very quickly.
You are covered in fur (AC +1).
You have very tough skin (AC +2).


Message History

* * * LOW HITPOINT WARNING * * *
You emit a cloud of colourful smoke!
You writhe in agony.
You scratch the gnoll.
The gnoll is almost dead.
The gnoll misses you. The gnoll closely misses you.
You scratch the gnoll.
You kill the gnoll!
The gnoll closely misses you.
You claw the gnoll!
The gnoll begins to bleed from its wounds!
The gnoll is almost dead.
The goblin hits you with a dagger of speed.
* * * LOW HITPOINT WARNING * * *
The gnoll misses you.
You scratch the gnoll.
You kill the gnoll!
You have reached level 5!
The goblin hits you with a dagger of speed.
You die...

.. %# .# (# .#
### ###.##....
#§§g...#
####§@§§.#
##...§###..#
##....## #
#.#######...###
##.......#.###
.# ###...## .#
###......#
.###...###....#
.....###
#.##....


You could see a goblin.

Vanquished Creatures
  Natasha (D:2)
  7 gnolls
  3 worms (D:2)
  A ball python (D:2)
  3 bats (D:1)
  A giant cockroach (D:3)
  5 hobgoblins
  A giant newt (D:2)
  8 goblins
  8 kobolds
  3 rats
41 creatures vanquished.

Notes
Turn   | Place    | Note
--------------------------------------------------------------
     0 | D:1      | Lektor the Troll Chaos Knight began the quest for the Orb.
     0 | D:1      | Reached XP level 1. HP: 22/22 MP: 0/0
   267 | D:1      | Reached XP level 2. HP: 29/29 MP: 1/1
   278 | D:1      | XOM: silly message
   702 | D:2      | XOM: colour smoke trail
   742 | D:2      | XOM: divination: magic mapping
   907 | D:2      | XOM: silly message
   938 | D:2      | Reached skill level 4 in Unarmed Combat
   938 | D:2      | Reached XP level 3. HP: 32/36 MP: 0/2
   950 | D:2      | XOM is BORED!
   950 | D:2      | XOM: noise
  1035 | D:2      | Reached XP level 4. HP: 44/44 MP: 3/3
  1061 | D:2      | XOM: scenery: create altars
  1127 | D:2      | XOM: silly message
  1238 | D:2      | XOM: noise
  1352 | D:2      | Noticed Natasha
  1359 | D:2      | Killed Natasha
  1359 | D:2      | Reached skill level 5 in Unarmed Combat
  1672 | D:3      | XOM: smoke on damage
  1676 | D:3      | Reached XP level 5. HP: 4/50 MP: 0/4
  1676 | D:3      | Slain by a goblin

Vault maps used:
D:1:      lemuel_arrival_muddy
D:2:      minmay_door_path, uniq_natasha
D:3:      first_bread, small_statue_intersection

Action                   |  1- 3 |  4- 6 || total
-------------------------+-------+-------++-------
Melee: Unarmed           |    85 |    37 ||   122
  Eat: Chunk             |     2 |     3 ||     5
       Meat ration       |     1 |     1 ||     2
